2978 views
Uploaded 2019-12-30 18:09:51
Game version 1.32.0.4
31:02 long 3on3 ladder game on (6)ThunderLake_LV
Saved by BEARAND
2978 views
Uploaded 2019-12-30 18:09:51
Game version 1.32.0.4
31:02 long 3on3 ladder game on (6)ThunderLake_LV


95 units @ 8.6k
/ 0.7k
263 buildings @ 21k
/ 11.3k


| Healing Salve | 3 | 300 |
| Orb of Lightning | 3 | 1125 |
| Boots of Speed | 2 | 500 |
| Staff of Teleportation | 2 | 300 |
| total: | 10 | 2225g |
| Peon | 21 | 1575 | / | 0 |
| Troll Batrider | 10 | 1600 | / | 400 |
| total: | 31 | 3175g | / | 400w |
| Watch Tower | 61 | 6710 | / | 4880 |
| Altar of Storms | 1 | 180 | / | 50 |
| Orc Burrow | 3 | 480 | / | 120 |
| War Mill | 1 | 205 | / | 0 |
| Voodoo Lounge | 3 | 390 | / | 90 |
| Great Hall | 1 | 385 | / | 185 |
| Beastiary | 4 | 580 | / | 560 |
| Stronghold | 1 | 315 | / | 190 |
| Fortress | 1 | 325 | / | 190 |
| total: | 74 | 8930g | / | 5885w |
| 0:03 | Peon |
| 0:03 | Peon |
| 0:07 | Altar of Storms |
| 0:19 | Orc Burrow |
| 0:24 | Peon |
| 0:38 | Peon |
| 0:51 | War Mill |
| 0:56 | Peon |
| 1:06 | Voodoo Lounge |
| 1:15 | Peon |
| 1:22 | Peon |
| 1:37 | Peon |
| 1:47 | Orc Burrow |
| 2:05 | Watch Tower |
| 2:09 | Wind Walk |
| 2:13 | Healing Salve |
| 2:19 | Peon |
| 2:29 | Watch Tower |
| 2:39 | Peon |
| 2:40 | Peon |
| 3:02 | Peon |
| 3:05 | Watch Tower |
| 3:13 | Peon |
| 3:17 | Watch Tower |
| 3:46 | Peon |
| 3:54 | Watch Tower |
| 4:03 | Watch Tower |
| 4:13 | Stronghold |
| 4:57 | Watch Tower |
| 5:13 | Critical Strike |
| 5:23 | Great Hall |
| 5:29 | Watch Tower |
| 6:01 | Boots of Speed |
| 6:32 | Watch Tower |
| 6:45 | Watch Tower |
| 7:01 | Fortress |
| 7:10 | Voodoo Lounge |
| 7:12 | Voodoo Lounge |
| 7:49 | Watch Tower |
| 8:27 | Wind Walk |
| 8:30 | Watch Tower |
| 8:57 | Watch Tower |
| 8:59 | Peon |
| 8:59 | Peon |
| 8:59 | Peon |
| 8:59 | Peon |
| 9:12 | Boots of Speed |
| 9:18 | Hex |
| 9:34 | Reinforced Defenses |
| 9:37 | Watch Tower |
| 9:51 | Orb of Lightning |
| 10:13 | Watch Tower |
| 10:34 | Healing Salve |
| 10:41 | Watch Tower |
| 11:10 | Peon |
| 11:30 | Watch Tower |
| 11:34 | Beastiary |
| 11:36 | Beastiary |
| 11:46 | Watch Tower |
| 12:04 | Watch Tower |
| 12:06 | Watch Tower |
| 12:22 | Beastiary |
| 12:39 | Watch Tower |
| 12:42 | Liquid Fire |
| 12:48 | Watch Tower |
| 13:10 | Watch Tower |
| 13:12 | Watch Tower |
| 13:34 | Watch Tower |
| 13:44 | Watch Tower |
| 13:54 | Steel Ranged Weapons |
| 13:54 | Steel Armor |
| 13:54 | Spiked Barricades |
| 13:56 | Watch Tower |
| 14:07 | Orb of Lightning |
| 14:32 | Peon |
| 14:32 | Peon |
| 14:35 | Troll Batrider |
| 14:38 | Orc Burrow |
| 15:09 | Thorium Ranged Weapons |
| 15:15 | Watch Tower |
| 15:52 | Watch Tower |
| 15:54 | Watch Tower |
| 15:55 | Watch Tower |
| 15:56 | Watch Tower |
| 15:59 | Watch Tower |
| 16:00 | Watch Tower |
| 16:11 | Healing Salve |
| 16:12 | Orb of Lightning |
| 16:17 | Watch Tower |
| 16:24 | Troll Batrider |
| 17:00 | Watch Tower |
| 17:01 | Watch Tower |
| 17:03 | Watch Tower |
| 17:07 | Watch Tower |
| 17:08 | Watch Tower |
| 17:10 | Watch Tower |
| 17:34 | Watch Tower |
| 18:22 | Healing Wave |
| 18:31 | Watch Tower |
| 18:33 | Watch Tower |
| 18:35 | Watch Tower |
| 18:39 | Watch Tower |
| 20:10 | Critical Strike |
| 20:36 | Staff of Teleportation |
| 20:55 | Watch Tower |
| 20:58 | Watch Tower |
| 21:31 | Watch Tower |
| 21:34 | Watch Tower |
| 21:59 | Troll Batrider |
| 22:45 | Watch Tower |
| 22:46 | Watch Tower |
| 23:25 | Watch Tower |
| 23:32 | Watch Tower |
| 23:51 | Staff of Teleportation |
| 24:11 | Watch Tower |
| 24:13 | Watch Tower |
| 24:31 | Arcanite Ranged Weapons |
| 24:32 | Thorium Armor |
| 24:32 | Improved Spiked Barricades |
| 24:42 | Troll Batrider |
| 24:51 | Beastiary |
| 24:56 | Watch Tower |
| 24:58 | Watch Tower |
| 25:00 | Watch Tower |
| 25:55 | Healing Wave |
| 26:00 | Troll Batrider |
| 26:00 | Troll Batrider |
| 26:06 | Wind Walk |
| 26:46 | Watch Tower |
| 26:48 | Watch Tower |
| 27:12 | Troll Batrider |
| 27:24 | Hex |
| 27:54 | Arcanite Armor |
| 28:35 | Troll Batrider |
| 29:21 | Troll Batrider |
| 29:22 | Troll Batrider |
| 30:27 | Bladestorm |
| Right click | 2811 |
| Select | 578 |
| Select group | 393 |
| Build/train/purchase | 118 |
| Use ability | 109 |
| Misc. action | 83 |
| Assign group | 12 |
| Item give/drop | 5 |
| Esc | 3 |
| Minimap ping | 3 |



| Staff of Sanctuary | 3 | 750 |
| Staff of Teleportation | 3 | 450 |
| Boots of Speed | 3 | 750 |
| Periapt of Vitality | 1 | 325 |
| Healing Salve | 1 | 100 |
| Orb of Lightning | 1 | 375 |
| Amulet of Spell Shield | 2 | 1200 |
| Pendant of Mana | 2 | 1200 |
| Staff of Silence | 1 | 600 |
| total: | 17 | 5750g |
| Peasant | 20 | 1500 | / | 0 |
| Gryphon Rider | 1 | 280 | / | 70 |
| Dragonhawk Rider | 7 | 1400 | / | 210 |
| Priest | 1 | 135 | / | 10 |
| total: | 29 | 3315g | / | 290w |
| Scout Tower | 143 | 4290 | / | 2860 |
| Arcane Tower | 8 | 560 | / | 400 |
| Guard Tower | 49 | 3430 | / | 2450 |
| Altar of Kings | 1 | 180 | / | 50 |
| Farm | 8 | 640 | / | 160 |
| Lumber Mill | 1 | 120 | / | 0 |
| Town Hall | 2 | 770 | / | 410 |
| Arcane Vault | 3 | 390 | / | 90 |
| Blacksmith | 1 | 140 | / | 60 |
| Barracks | 1 | 160 | / | 60 |
| Arcane Sanctum | 1 | 150 | / | 140 |
| Gryphon Aviary | 1 | 140 | / | 150 |
| Keep | 1 | 320 | / | 210 |
| Castle | 1 | 360 | / | 210 |
| total: | 162 | 6980g | / | 3980w |
| 0:01 | Peasant |
| 0:01 | Peasant |
| 0:10 | Altar of Kings |
| 0:18 | Farm |
| 0:21 | Peasant |
| 0:29 | Peasant |
| 0:39 | Peasant |
| 0:45 | Scout Tower |
| 0:56 | Farm |
| 0:59 | Peasant |
| 1:04 | Lumber Mill |
| 1:13 | Peasant |
| 1:20 | Peasant |
| 1:25 | Peasant |
| 1:31 | Scout Tower |
| 1:37 | Scout Tower |
| 1:37 | Arcane Tower |
| 1:44 | Peasant |
| 1:55 | Peasant |
| 2:01 | Scout Tower |
| 2:04 | Scout Tower |
| 2:07 | Scout Tower |
| 2:09 | Blizzard |
| 2:14 | Arcane Tower |
| 2:16 | Scout Tower |
| 2:27 | Peasant |
| 2:27 | Guard Tower |
| 2:28 | Peasant |
| 2:29 | Peasant |
| 2:31 | Guard Tower |
| 2:32 | Scout Tower |
| 2:33 | Scout Tower |
| 2:33 | Scout Tower |
| 3:03 | Guard Tower |
| 3:04 | Scout Tower |
| 3:05 | Scout Tower |
| 3:05 | Scout Tower |
| 3:06 | Scout Tower |
| 3:10 | Town Hall |
| 3:26 | Guard Tower |
| 3:30 | Scout Tower |
| 3:44 | Guard Tower |
| 3:59 | Guard Tower |
| 4:00 | Scout Tower |
| 4:10 | Scout Tower |
| 4:11 | Scout Tower |
| 4:25 | Guard Tower |
| 4:38 | Brilliance Aura |
| 4:43 | Staff of Teleportation |
| 4:43 | Boots of Speed |
| 4:49 | Guard Tower |
| 4:49 | Scout Tower |
| 4:50 | Scout Tower |
| 4:50 | Scout Tower |
| 5:14 | Keep |
| 5:18 | Guard Tower |
| 5:24 | Guard Tower |
| 5:29 | Scout Tower |
| 5:32 | Peasant |
| 5:58 | Guard Tower |
| 5:59 | Scout Tower |
| 6:11 | Scout Tower |
| 6:12 | Guard Tower |
| 6:12 | Arcane Tower |
| 6:13 | Guard Tower |
| 6:15 | Scout Tower |
| 6:16 | Scout Tower |
| 6:16 | Scout Tower |
| 6:17 | Scout Tower |
| 6:17 | Scout Tower |
| 6:17 | Scout Tower |
| 6:18 | Scout Tower |
| 6:18 | Scout Tower |
| 6:19 | Scout Tower |
| 6:19 | Scout Tower |
| 6:29 | Guard Tower |
| 6:30 | Scout Tower |
| 6:30 | Scout Tower |
| 6:31 | Scout Tower |
| 6:31 | Scout Tower |
| 6:31 | Scout Tower |
| 6:47 | Guard Tower |
| 6:47 | Arcane Tower |
| 6:57 | Guard Tower |
| 6:59 | Farm |
| 7:00 | Farm |
| 7:03 | Guard Tower |
| 7:06 | Scout Tower |
| 7:07 | Scout Tower |
| 7:07 | Scout Tower |
| 7:08 | Scout Tower |
| 7:08 | Scout Tower |
| 7:09 | Scout Tower |
| 7:09 | Scout Tower |
| 7:10 | Scout Tower |
| 7:27 | Peasant |
| 7:27 | Peasant |
| 7:27 | Peasant |
| 8:00 | Castle |
| 8:14 | Guard Tower |
| 8:15 | Guard Tower |
| 8:15 | Scout Tower |
| 8:16 | Scout Tower |
| 8:16 | Scout Tower |
| 8:17 | Scout Tower |
| 8:17 | Scout Tower |
| 8:22 | Blizzard |
| 8:46 | Storm Bolt |
| 8:52 | Guard Tower |
| 9:18 | Arcane Tower |
| 9:18 | Guard Tower |
| 9:21 | Arcane Sanctum |
| 9:23 | Farm |
| 9:31 | Scout Tower |
| 9:33 | Scout Tower |
| 9:33 | Scout Tower |
| 9:34 | Scout Tower |
| 9:34 | Scout Tower |
| 9:35 | Scout Tower |
| 10:19 | Arcane Tower |
| 10:23 | Boots of Speed |
| 10:24 | Staff of Teleportation |
| 10:24 | Periapt of Vitality |
| 10:33 | Healing Salve |
| 11:11 | Guard Tower |
| 11:14 | Scout Tower |
| 11:14 | Scout Tower |
| 11:15 | Scout Tower |
| 11:15 | Scout Tower |
| 11:15 | Scout Tower |
| 11:16 | Scout Tower |
| 11:16 | Scout Tower |
| 11:16 | Scout Tower |
| 11:21 | Guard Tower |
| 11:23 | Scout Tower |
| 11:24 | Scout Tower |
| 11:24 | Scout Tower |
| 11:25 | Scout Tower |
| 11:25 | Scout Tower |
| 11:25 | Scout Tower |
| 11:37 | Gryphon Aviary |
| 11:50 | Arcane Vault |
| 12:28 | Guard Tower |
| 12:31 | Guard Tower |
| 12:33 | Holy Light |
| 12:43 | Gryphon Rider |
| 12:46 | Arcane Vault |
| 13:14 | Orb of Lightning |
| 13:35 | Dragonhawk Rider |
| 13:36 | Dragonhawk Rider |
| 13:38 | Blacksmith |
| 13:41 | Barracks |
| 13:43 | Guard Tower |
| 13:49 | Scout Tower |
| 13:49 | Scout Tower |
| 13:50 | Scout Tower |
| 13:50 | Scout Tower |
| 13:51 | Scout Tower |
| 13:51 | Scout Tower |
| 14:06 | Staff of Sanctuary |
| 14:13 | Magic Sentry |
| 14:14 | Priest |
| 14:20 | Dragonhawk Rider |
| 14:20 | Dragonhawk Rider |
| 15:04 | Boots of Speed |
| 15:04 | Staff of Teleportation |
| 15:17 | Scout Tower |
| 15:17 | Scout Tower |
| 15:18 | Scout Tower |
| 15:18 | Scout Tower |
| 15:19 | Scout Tower |
| 15:19 | Scout Tower |
| 15:52 | Scout Tower |
| 15:53 | Scout Tower |
| 15:53 | Scout Tower |
| 15:54 | Scout Tower |
| 15:54 | Scout Tower |
| 15:54 | Scout Tower |
| 15:55 | Scout Tower |
| 15:55 | Scout Tower |
| 15:57 | Town Hall |
| 15:59 | Guard Tower |
| 16:04 | Animal War Training |
| 16:08 | Arcane Tower |
| 16:08 | Arcane Tower |
| 16:09 | Guard Tower |
| 16:13 | Scout Tower |
| 16:14 | Scout Tower |
| 16:14 | Scout Tower |
| 16:15 | Scout Tower |
| 16:15 | Scout Tower |
| 16:16 | Scout Tower |
| 16:16 | Scout Tower |
| 16:31 | Farm |
| 16:43 | Guard Tower |
| 16:46 | Arcane Vault |
| 17:06 | Guard Tower |
| 17:16 | Dragonhawk Rider |
| 18:15 | Bash |
| 18:36 | Guard Tower |
| 18:43 | Staff of Sanctuary |
| 18:58 | Farm |
| 18:58 | Farm |
| 19:18 | Staff of Sanctuary |
| 19:43 | Scout Tower |
| 19:44 | Scout Tower |
| 19:44 | Scout Tower |
| 19:45 | Scout Tower |
| 19:45 | Scout Tower |
| 19:45 | Scout Tower |
| 19:48 | Improved Masonry |
| 20:02 | Amulet of Spell Shield |
| 20:05 | Pendant of Mana |
| 20:41 | Divine Shield |
| 21:14 | Brilliance Aura |
| 23:22 | Amulet of Spell Shield |
| 23:40 | Dragonhawk Rider |
| 23:40 | Dragonhawk Rider |
| 23:43 | Guard Tower |
| 23:46 | Peasant |
| 23:46 | Peasant |
| 23:53 | Guard Tower |
| 23:57 | Scout Tower |
| 23:59 | Scout Tower |
| 24:00 | Scout Tower |
| 24:00 | Scout Tower |
| 24:01 | Scout Tower |
| 24:01 | Scout Tower |
| 24:02 | Scout Tower |
| 24:02 | Scout Tower |
| 24:34 | Staff of Silence |
| 24:38 | Pendant of Mana |
| 24:46 | Guard Tower |
| 24:48 | Advanced Masonry |
| 24:54 | Scout Tower |
| 24:59 | Scout Tower |
| 25:01 | Scout Tower |
| 25:02 | Scout Tower |
| 25:02 | Scout Tower |
| 25:03 | Scout Tower |
| 25:03 | Scout Tower |
| 25:03 | Scout Tower |
| 25:22 | Guard Tower |
| 25:24 | Guard Tower |
| 25:35 | Scout Tower |
| 25:35 | Scout Tower |
| 25:36 | Scout Tower |
| 25:36 | Scout Tower |
| 25:38 | Scout Tower |
| 25:38 | Scout Tower |
| 25:39 | Scout Tower |
| 25:39 | Scout Tower |
| 25:40 | Scout Tower |
| 25:40 | Scout Tower |
| 26:32 | Storm Bolt |
| 27:08 | Holy Light |
| 27:28 | Guard Tower |
| 27:30 | Guard Tower |
| 27:33 | Scout Tower |
| 27:34 | Scout Tower |
| 27:35 | Scout Tower |
| 27:35 | Scout Tower |
| 27:36 | Scout Tower |
| 27:36 | Scout Tower |
| 27:37 | Scout Tower |
| 27:37 | Scout Tower |
| 27:38 | Scout Tower |
| 27:39 | Scout Tower |
| 27:39 | Scout Tower |
| 27:40 | Scout Tower |
| 28:06 | Guard Tower |
| 30:02 | Brilliance Aura |
| 30:49 | Bash |
| Right click | 2616 |
| Select | 931 |
| Select group | 426 |
| Build/train/purchase | 239 |
| Chat | 143 |
| Use ability | 132 |
| Item give/drop | 20 |
| Assign group | 18 |
| Misc. action | 15 |
| Minimap ping | 14 |
| Remove unit | 2 |



| Orb of Venom | 1 | 325 |
| Staff of Teleportation | 3 | 450 |
| Boots of Speed | 3 | 750 |
| Periapt of Vitality | 1 | 325 |
| Staff of Sanctuary | 3 | 750 |
| Orb of Fire | 1 | 325 |
| Khadgar's Gem of Health | 3 | 1800 |
| Amulet of Spell Shield | 1 | 600 |
| total: | 16 | 5325g |
| Wisp | 35 | 2100 | / | 0 |
| total: | 35 | 2100g | / | 0w |
| Altar of Elders | 1 | 180 | / | 50 |
| Moon Well | 22 | 3960 | / | 880 |
| Tree of Life | 2 | 680 | / | 370 |
| Ancient of Wonders | 1 | 90 | / | 30 |
| Hunter's Hall | 1 | 210 | / | 100 |
| Tree of Ages | 2 | 640 | / | 360 |
| Tree of Eternity | 1 | 330 | / | 200 |
| total: | 27 | 5120g | / | 1430w |
| 0:03 | Wisp |
| 0:03 | Wisp |
| 0:05 | Altar of Elders |
| 0:13 | Moon Well |
| 0:21 | Wisp |
| 0:27 | Wisp |
| 0:59 | Moon Well |
| 1:01 | Wisp |
| 1:02 | Wisp |
| 1:15 | Wisp |
| 1:15 | Wisp |
| 1:27 | Wisp |
| 1:28 | Wisp |
| 1:46 | Wisp |
| 1:59 | Wisp |
| 1:59 | Wisp |
| 2:05 | Entangling Roots |
| 2:29 | Wisp |
| 3:03 | Wisp |
| 3:27 | Wisp |
| 3:27 | Wisp |
| 3:27 | Wisp |
| 3:28 | Wisp |
| 3:28 | Wisp |
| 3:29 | Wisp |
| 4:04 | Thorns Aura |
| 4:20 | Tree of Life |
| 4:22 | Tree of Life |
| 4:27 | Wisp |
| 4:41 | Staff of Teleportation |
| 4:41 | Boots of Speed |
| 4:51 | Periapt of Vitality |
| 4:56 | Wisp |
| 5:29 | Tree of Ages |
| 6:51 | Wisp |
| 6:51 | Wisp |
| 6:51 | Wisp |
| 6:51 | Wisp |
| 6:52 | Wisp |
| 6:57 | Moon Well |
| 6:58 | Moon Well |
| 7:10 | Moon Well |
| 7:11 | Moon Well |
| 7:57 | Frost Arrows |
| 8:12 | Staff of Teleportation |
| 8:13 | Boots of Speed |
| 8:31 | Ancient of Wonders |
| 8:33 | Tree of Eternity |
| 9:22 | Wisp |
| 9:47 | Hunter's Hall |
| 9:51 | Moon Well |
| 9:51 | Moon Well |
| 9:52 | Moon Well |
| 9:52 | Moon Well |
| 9:53 | Moon Well |
| 10:24 | Entangling Roots |
| 10:54 | Orb of Venom |
| 11:43 | Wisp |
| 11:43 | Wisp |
| 11:43 | Wisp |
| 11:43 | Wisp |
| 12:01 | Well Spring |
| 12:01 | Ultravision |
| 12:18 | Silence |
| 12:27 | Staff of Teleportation |
| 12:28 | Boots of Speed |
| 12:55 | Mana Shield |
| 13:32 | Moon Well |
| 13:32 | Moon Well |
| 15:05 | Life Drain |
| 15:45 | Staff of Sanctuary |
| 15:49 | Orb of Fire |
| 16:03 | Wisp |
| 16:07 | Moon Well |
| 16:08 | Moon Well |
| 16:31 | Moon Well |
| 16:53 | Khadgar's Gem of Health |
| 16:57 | Amulet of Spell Shield |
| 18:43 | Moon Well |
| 18:57 | Moon Well |
| 18:58 | Moon Well |
| 19:05 | Staff of Sanctuary |
| 19:16 | Wisp |
| 20:49 | Staff of Sanctuary |
| 21:05 | Moon Well |
| 22:05 | Thorns Aura |
| 22:17 | Frost Arrows |
| 22:42 | Silence |
| 23:38 | Moon Well |
| 23:41 | Moon Well |
| 25:01 | Khadgar's Gem of Health |
| 29:26 | Life Drain |
| 29:38 | Mana Shield |
| 30:12 | Khadgar's Gem of Health |
| 30:45 | Entangling Roots |
| Right click | 2082 |
| Select group | 1369 |
| Select | 243 |
| Resource trade | 182 |
| Build/train/purchase | 101 |
| Use ability | 92 |
| Misc. action | 80 |
| Minimap ping | 26 |
| Chat | 21 |
| Item give/drop | 14 |
| Assign group | 5 |
| Esc | 1 |
151 units @ 26.8k
/ 4.9k
61 buildings @ 10.1k
/ 4.9k


| Orb of Corruption | 1 | 375 |
| Scroll of Town Portal | 2 | 700 |
| total: | 3 | 1075g |
| Acolyte | 7 | 525 | / | 0 |
| Ghoul | 12 | 1440 | / | 0 |
| Crypt Fiend | 6 | 1290 | / | 240 |
| Necromancer | 3 | 435 | / | 60 |
| Banshee | 1 | 155 | / | 30 |
| Obsidian Statue | 3 | 600 | / | 105 |
| Frost Wyrm | 8 | 3080 | / | 960 |
| Meat Wagon | 4 | 920 | / | 200 |
| Centaur Outrunner | 2 | 390 | / | 0 |
| Harpy Rogue | 1 | 215 | / | 20 |
| total: | 47 | 9050g | / | 1615w |
| Spirit Tower | 6 | 870 | / | 240 |
| Altar of Darkness | 1 | 180 | / | 50 |
| Ziggurat | 13 | 1950 | / | 650 |
| Crypt | 1 | 200 | / | 50 |
| Graveyard | 1 | 215 | / | 0 |
| Tomb of Relics | 1 | 130 | / | 30 |
| Temple of the Damned | 2 | 310 | / | 280 |
| Slaughterhouse | 2 | 280 | / | 270 |
| Sacrificial Pit | 1 | 75 | / | 150 |
| Boneyard | 2 | 350 | / | 400 |
| Halls of the Dead | 1 | 320 | / | 210 |
| Black Citadel | 1 | 325 | / | 230 |
| total: | 24 | 3690g | / | 1880w |
| 0:08 | Altar of Darkness |
| 0:13 | Ziggurat |
| 0:18 | Crypt |
| 0:30 | Acolyte |
| 0:43 | Acolyte |
| 1:04 | Ziggurat |
| 1:20 | Ghoul |
| 1:41 | Graveyard |
| 1:51 | Ghoul |
| 2:05 | Ghoul |
| 2:13 | Unholy Aura |
| 2:17 | Ghoul |
| 2:33 | Ziggurat |
| 2:52 | Ghoul |
| 3:14 | Ghoul |
| 3:39 | Halls of the Dead |
| 3:41 | Ghoul |
| 3:59 | Crypt Fiend |
| 4:19 | Ziggurat |
| 4:39 | Crypt Fiend |
| 5:21 | Crypt Fiend |
| 5:29 | Tomb of Relics |
| 5:42 | Death Coil |
| 6:08 | Web |
| 6:09 | Crypt Fiend |
| 6:51 | Death Pact |
| 7:06 | Centaur Outrunner |
| 7:06 | Harpy Rogue |
| 7:30 | Black Arrow |
| 7:51 | Ghoul |
| 7:52 | Ghoul |
| 8:19 | Ghoul |
| 8:19 | Ghoul |
| 8:19 | Ghoul |
| 8:32 | Spirit Tower |
| 9:24 | Crypt Fiend |
| 10:12 | Acolyte |
| 10:12 | Acolyte |
| 11:41 | Temple of the Damned |
| 11:46 | Temple of the Damned |
| 11:50 | Crypt Fiend |
| 12:16 | Life Drain |
| 12:25 | Unholy Aura |
| 12:48 | Ziggurat |
| 12:49 | Ziggurat |
| 12:50 | Ziggurat |
| 13:35 | Necromancer Adept Training |
| 13:35 | Skeletal Mastery |
| 13:36 | Necromancer |
| 13:36 | Banshee |
| 13:37 | Banshee Adept Training |
| 13:38 | Necromancer |
| 13:42 | Slaughterhouse |
| 13:49 | Spirit Tower |
| 13:53 | Acolyte |
| 13:53 | Acolyte |
| 13:56 | Acolyte |
| 14:13 | Centaur Outrunner |
| 15:22 | Black Citadel |
| 15:24 | Obsidian Statue |
| 15:51 | Ziggurat |
| 15:53 | Ziggurat |
| 16:08 | Obsidian Statue |
| 16:18 | Sacrificial Pit |
| 17:01 | Scroll of Town Portal |
| 17:44 | Boneyard |
| 17:54 | Ziggurat |
| 17:54 | Ziggurat |
| 18:04 | Spirit Tower |
| 18:10 | Ziggurat |
| 18:19 | Boneyard |
| 18:55 | Ziggurat |
| 18:59 | Freezing Breath |
| 18:59 | Frost Wyrm |
| 19:33 | Frost Wyrm |
| 20:22 | Frost Wyrm |
| 21:03 | Frost Wyrm |
| 22:06 | Frost Wyrm |
| 22:18 | Frost Wyrm |
| 23:40 | Obsidian Statue |
| 23:42 | Meat Wagon |
| 24:12 | Slaughterhouse |
| 24:26 | Meat Wagon |
| 24:40 | Scroll of Town Portal |
| 24:43 | Orb of Corruption |
| 25:07 | Spirit Tower |
| 25:42 | Meat Wagon |
| 25:42 | Meat Wagon |
| 28:36 | Frost Wyrm |
| 28:39 | Frost Wyrm |
| 28:41 | Necromancer Master Training |
| 28:42 | Necromancer |
| Right click | 384 |
| Select | 275 |
| Build/train/purchase | 80 |
| Misc. action | 34 |
| Use ability | 19 |
| Item give/drop | 1 |
| Minimap ping | 1 |



| Rod of Necromancy | 2 | 300 |
| Potion of Healing | 3 | 450 |
| Potion of Mana | 1 | 200 |
| Scroll of Town Portal | 2 | 700 |
| Scroll of Healing | 1 | 250 |
| total: | 9 | 1900g |
| Acolyte | 11 | 825 | / | 0 |
| Ghoul | 5 | 600 | / | 0 |
| Crypt Fiend | 11 | 2365 | / | 440 |
| Obsidian Statue | 5 | 1000 | / | 175 |
| Meat Wagon | 5 | 1150 | / | 250 |
| Frost Wyrm | 7 | 2695 | / | 840 |
| Gargoyle | 2 | 350 | / | 60 |
| total: | 46 | 8985g | / | 1765w |
| Spirit Tower | 1 | 145 | / | 40 |
| Crypt | 1 | 200 | / | 50 |
| Altar of Darkness | 1 | 180 | / | 50 |
| Ziggurat | 8 | 1200 | / | 400 |
| Graveyard | 1 | 215 | / | 0 |
| Tomb of Relics | 1 | 130 | / | 30 |
| Necropolis | 1 | 225 | / | 0 |
| Slaughterhouse | 1 | 140 | / | 135 |
| Sacrificial Pit | 1 | 75 | / | 150 |
| Boneyard | 3 | 525 | / | 600 |
| Halls of the Dead | 1 | 320 | / | 210 |
| Black Citadel | 1 | 325 | / | 230 |
| total: | 18 | 2890g | / | 1415w |
| 0:04 | Acolyte |
| 0:04 | Acolyte |
| 0:21 | Crypt |
| 0:24 | Altar of Darkness |
| 0:33 | Ziggurat |
| 0:58 | Graveyard |
| 1:23 | Tomb of Relics |
| 1:26 | Ghoul |
| 1:26 | Ghoul |
| 1:37 | Ghoul |
| 1:37 | Ghoul |
| 1:53 | Ziggurat |
| 2:26 | Crypt Fiend |
| 2:26 | Crypt Fiend |
| 2:32 | Rod of Necromancy |
| 2:35 | Death Coil |
| 3:22 | Halls of the Dead |
| 3:23 | Crypt Fiend |
| 3:46 | Crypt Fiend |
| 4:24 | Unholy Aura |
| 4:43 | Crypt Fiend |
| 4:45 | Ziggurat |
| 4:48 | Creature Attack |
| 4:55 | Rod of Necromancy |
| 5:11 | Crypt Fiend |
| 5:16 | Ghoul |
| 6:03 | Potion of Healing |
| 6:09 | Potion of Mana |
| 6:12 | Acolyte |
| 6:12 | Acolyte |
| 7:11 | Frost Nova |
| 7:18 | Acolyte |
| 7:19 | Acolyte |
| 7:19 | Acolyte |
| 7:19 | Acolyte |
| 7:26 | Creature Carapace |
| 7:50 | Improved Creature Attack |
| 9:10 | Slaughterhouse |
| 11:05 | Obsidian Statue |
| 11:06 | Obsidian Statue |
| 11:09 | Ziggurat |
| 11:12 | Crypt Fiend |
| 11:12 | Crypt Fiend |
| 11:14 | Crypt Fiend |
| 11:18 | Web |
| 11:29 | Acolyte |
| 11:29 | Acolyte |
| 11:29 | Acolyte |
| 12:09 | Ziggurat |
| 12:10 | Ziggurat |
| 12:11 | Ziggurat |
| 12:15 | Black Citadel |
| 12:25 | Necropolis |
| 12:33 | Obsidian Statue |
| 12:36 | Crypt Fiend |
| 12:36 | Crypt Fiend |
| 12:53 | Sacrificial Pit |
| 13:28 | Scroll of Town Portal |
| 13:29 | Potion of Healing |
| 13:58 | Spirit Tower |
| 15:27 | Meat Wagon |
| 15:27 | Meat Wagon |
| 15:29 | Meat Wagon |
| 15:40 | Unholy Strength |
| 15:40 | Unholy Armor |
| 16:27 | Impale |
| 16:52 | Boneyard |
| 16:54 | Boneyard |
| 16:57 | Boneyard |
| 19:30 | Freezing Breath |
| 19:30 | Frost Wyrm |
| 19:30 | Frost Wyrm |
| 19:30 | Frost Wyrm |
| 19:30 | Frost Wyrm |
| 19:30 | Frost Wyrm |
| 19:33 | Ziggurat |
| 19:36 | Advanced Creature Attack |
| 20:36 | Improved Creature Carapace |
| 22:15 | Meat Wagon |
| 22:15 | Meat Wagon |
| 22:46 | Advanced Creature Carapace |
| 24:44 | Death Coil |
| 25:14 | Improved Unholy Armor |
| 25:14 | Improved Unholy Strength |
| 25:15 | Obsidian Statue |
| 25:16 | Obsidian Statue |
| 26:40 | Frost Wyrm |
| 26:41 | Frost Wyrm |
| 27:39 | Potion of Healing |
| 27:39 | Scroll of Town Portal |
| 27:40 | Scroll of Healing |
| 28:05 | Gargoyle |
| 28:05 | Gargoyle |
| Right click | 1103 |
| Select group | 440 |
| Select | 278 |
| Build/train/purchase | 114 |
| Use ability | 52 |
| Assign group | 25 |
| Remove unit | 9 |
| Misc. action | 7 |
| Resource trade | 4 |
| Item give/drop | 2 |
| Esc | 1 |



| Staff of Preservation | 3 | 450 |
| Lesser Clarity Potion | 2 | 140 |
| Scroll of Town Portal | 2 | 700 |
| total: | 7 | 1290g |
| Wisp | 20 | 1200 | / | 0 |
| Archer | 14 | 1820 | / | 140 |
| Druid of the Talon | 5 | 725 | / | 100 |
| Glaive Thrower | 11 | 2310 | / | 715 |
| Chimaera | 6 | 1980 | / | 420 |
| Goblin Shredder | 1 | 375 | / | 100 |
| Razormane Medicine Man | 1 | 350 | / | 60 |
| total: | 58 | 8760g | / | 1535w |
| Ancient of War | 2 | 300 | / | 120 |
| Moon Well | 8 | 1440 | / | 320 |
| Altar of Elders | 2 | 360 | / | 100 |
| Hunter's Hall | 1 | 210 | / | 100 |
| Ancient of Wonders | 1 | 90 | / | 30 |
| Tree of Life | 2 | 680 | / | 370 |
| Ancient of Wind | 1 | 150 | / | 140 |
| Chimaera Roost | 2 | 280 | / | 380 |
| Tree of Ages | 1 | 320 | / | 180 |
| Tree of Eternity | 1 | 330 | / | 200 |
| total: | 19 | 3510g | / | 1560w |
| 0:02 | Wisp |
| 0:02 | Wisp |
| 0:07 | Ancient of War |
| 0:18 | Moon Well |
| 0:20 | Wisp |
| 0:20 | Wisp |
| 0:32 | Wisp |
| 0:45 | Wisp |
| 0:52 | Altar of Elders |
| 0:58 | Altar of Elders |
| 1:10 | Archer |
| 1:14 | Wisp |
| 1:31 | Moon Well |
| 1:35 | Archer |
| 1:35 | Archer |
| 2:22 | Black Arrow |
| 2:24 | Archer |
| 2:26 | Wisp |
| 2:26 | Wisp |
| 3:07 | Archer |
| 3:09 | Tree of Ages |
| 3:15 | Moon Well |
| 3:19 | Archer |
| 3:55 | Archer |
| 4:03 | Hunter's Hall |
| 4:24 | Silence |
| 4:25 | Archer |
| 4:53 | Archer |
| 4:59 | Moon Well |
| 5:24 | Archer |
| 5:30 | Ancient of Wind |
| 5:43 | Healing Spray |
| 5:57 | Black Arrow |
| 6:03 | Improved Bows |
| 6:14 | Goblin Shredder |
| 6:26 | Ancient of Wonders |
| 7:08 | Tree of Eternity |
| 7:43 | Razormane Medicine Man |
| 8:31 | Druid of the Talon |
| 8:34 | Tree of Life |
| 8:35 | Tree of Life |
| 9:07 | Druid of the Talon |
| 9:07 | Druid of the Talon Adept Training |
| 9:46 | Ancient of War |
| 10:38 | Glaive Thrower |
| 10:39 | Druid of the Talon |
| 10:39 | Druid of the Talon Master Training |
| 11:14 | Scroll of Town Portal |
| 11:19 | Staff of Preservation |
| 11:22 | Marksmanship |
| 11:23 | Glaive Thrower |
| 11:25 | Wisp |
| 11:25 | Wisp |
| 11:25 | Wisp |
| 11:33 | Wisp |
| 11:33 | Wisp |
| 11:59 | Vorpal Blades |
| 12:09 | Glaive Thrower |
| 12:26 | Moon Well |
| 12:44 | Silence |
| 13:05 | Druid of the Talon |
| 13:11 | Moon Well |
| 13:12 | Moon Well |
| 13:12 | Moon Well |
| 13:21 | Chimaera Roost |
| 13:40 | Druid of the Talon |
| 13:46 | Chimaera Roost |
| 14:28 | Glaive Thrower |
| 14:57 | Glaive Thrower |
| 15:29 | Glaive Thrower |
| 16:16 | Wisp |
| 16:16 | Wisp |
| 16:27 | Wisp |
| 16:27 | Wisp |
| 16:29 | Wisp |
| 16:29 | Wisp |
| 17:20 | Glaive Thrower |
| 17:37 | Shadow Strike |
| 18:34 | Archer |
| 18:34 | Chimaera |
| 18:43 | Glaive Thrower |
| 19:20 | Glaive Thrower |
| 20:45 | Corrosive Breath |
| 22:29 | Glaive Thrower |
| 23:25 | Chimaera |
| 23:26 | Chimaera |
| 23:59 | Lesser Clarity Potion |
| 24:04 | Lesser Clarity Potion |
| 24:06 | Staff of Preservation |
| 24:12 | Scroll of Town Portal |
| 24:15 | Chimaera |
| 24:16 | Glaive Thrower |
| 25:00 | Strength of the Wild |
| 27:43 | Chimaera |
| 27:45 | Chimaera |
| 27:46 | Archer |
| 27:46 | Archer |
| 28:22 | Archer |
| 28:31 | Staff of Preservation |
| Right click | 2030 |
| Select | 803 |
| Select group | 653 |
| Misc. action | 125 |
| Build/train/purchase | 118 |
| Assign group | 92 |
| Use ability | 59 |
| Chat | 42 |
| Minimap ping | 15 |
| Resource trade | 11 |
| Item give/drop | 4 |
⇛